Map: Overgrown Facility

Players

Adversity - Winner!

  • Race: Terran Terran
  • Spawn Location: 9:00

Jeffro - Winner!

  • Race: Protoss Protoss
  • Spawn Location: 7:00

Antis

  • Race: Zerg Zerg
  • League: Grandmaster
  • Spawn Location: 1:00

OFE

  • Race: Zerg Zerg
  • League: Master
  • Spawn Location: 3:00

VOD

Have the link to the VOD?

Description

Time

  • Played on: July 15, 2018, 6:42 p.m.
  • Length: 15:45
Show
View Real Time Build Order
Export as new Build Order

Adversity Terran - Winner!

Build Orders: Gas First Reaper Expand, Hellion Opening, Mech 

Get SALT Encoding   

  12  0:00  SCV  
  13  0:12  SCV  
  14  0:18  Supply Depot  
  14  0:25  SCV  
  15  0:29  Refinery  
  15  0:39  SCV  
  16  0:48  Barracks  
  16  0:51  SCV  
  17  1:04  SCV  
  18  1:16  SCV  
  19  1:36  Reaper  
  19  1:37  Orbital Command  
  20  1:46  Command Center  
  20  1:59  Factory  
  20  2:03  SCV  
  21  2:09  Barracks Reactor  
  21  2:15  SCV  
  22  2:16  Supply Depot  
  22  2:27  SCV  
  23  2:40  SCV  
  24  2:47  Factory  
  26  2:51  Hellion x2  
  26  2:53  SCV  
  29  2:58  Orbital Command  
  29  3:00  Barracks Tech Lab  
  29  3:14  SCV  
  29  3:16  Hellion x2  
  34  3:26  SCV x2  
  36  3:38  Command Center  
  36  3:39  SCV x2  
  38  3:45  Hellion x2  
  44  3:48  Hellion  
  44  3:54  Supply Depot, SCV x2  
  46  4:01  Infernal Pre-Igniter  
  46  4:16  Hellion x2, SCV x2  
  52  4:19  Refinery  
  54  4:24  Hellion  
  54  4:27  Refinery  
  54  4:29  Refinery  
  54  4:32  Supply Depot  
  54  4:48  Factory  
  54  4:49  SCV x2  
  54  4:50  Hellion x2  
  58  5:01  SCV  
  58  5:02  Orbital Command  
  58  5:07  Hellion  
  58  5:11  Hellion x2  
  58  5:13  SCV  
  59  5:15  SCV  
  59  5:19  Armory x2  
  60  5:34  Siege Tank  
  51  5:45  Hellion  
  51  5:46  Factory Tech Lab, Hellion  
  51  5:47  SCV x3  
  54  5:59  SCV x2  
  54  6:02  Factory  
  54  6:03  Factory, SCV  
  57  6:06  Siege Tank  
  57  6:07  Siege Tank  
  63  6:13  Hellion x2  
  63  6:14  SCV  
  63  6:15  SCV  
  70  6:24  Terran Vehicle Weapons Level 1, Terran Vehicle And Ship Armor Level 1  
  64  6:26  SCV  
  64  6:28  SCV  
  64  6:30  Orbital Command  
  65  6:35  Hellion x2  
  65  6:39  Siege Tank x2  
  75  6:45  SCV  
  68  6:55  Factory Reactor, Factory Tech Lab  
  63  7:01  Hellion x2  
  60  7:11  Siege Tank  
  60  7:12  Hellion  
  58  7:17  SCV x3  
  58  7:21  Siege Tank  
  64  7:22  Hellion  
  64  7:23  Hellion  
  58  7:36  SCV x2  
  44  7:45  Hellion  
  37  7:57  SCV  
  38  8:04  SCV  
  39  8:06  Hellion x3  
  39  8:08  Hellion x3  
  39  8:10  SCV  
  52  8:13  Hellion  
  52  8:16  SCV  
  55  8:22  SCV  
  56  8:28  SCV  
  56  8:34  SCV  
  62  8:39  Hellion x2  
  62  8:42  Supply Depot  
  62  8:43  Supply Depot  
  62  8:45  Supply Depot  
  62  9:01  Refinery  
  62  9:03  SCV x2, Siege Tank x2  
  70  9:16  SCV x2  
  72  9:22  Command Center  
  66  9:25  Siege Tank  
  66  9:28  SCV x2  
  71  9:38  Siege Tank x2  
  77  9:40  SCV x2  
  83  9:45  Hellion  
  83  9:46  Hellion  
  83  9:52  SCV  
  86  10:01  SCV  
  86  10:04  SCV  
  86  10:08  Terran Vehicle Weapons Level 2, Terran Vehicle And Ship Armor Level 2  
  86  10:13  SCV  
  87  10:16  SCV  
  87  10:19  Siege Tank  
  91  10:24  Hellion x4  
  93  10:32  SCV  
  93  10:33  SCV  
  95  10:38  Siege Tank  
  94  10:44  SCV  
  94  10:45  SCV  
  93  10:51  Siege Tank  
  93  10:56  SCV  
  90  10:57  SCV  
  90  11:02  Siege Tank  
  94  11:04  Engineering Bay  
  94  11:09  SCV  
  95  11:17  Refinery, Hellion x3  
  101  11:23  Refinery  
  101  11:24  SCV  
  101  11:25  SCV  
  103  11:36  Siege Tank x2  
  103  11:38  Orbital Command  
  108  11:55  Siege Tank  
  93  12:06  Hellion x4  
  93  12:08  Hellion, Siege Tank  
  92  12:09  SCV x2  
  88  12:20  SCV  
  88  12:21  SCV x2  
  89  12:30  Hellion x4  
  89  12:32  SCV  
  92  12:37  SCV  
  92  12:41  Siege Tank x2  
  98  12:48  SCV x2  
  98  12:49  SCV  
  101  12:59  Terran Vehicle And Ship Armor Level 3, Terran Vehicle Weapons Level 3  
  101  13:00  SCV  
  101  13:01  SCV  
  103  13:08  SCV  
  104  13:13  SCV  
  104  13:14  Siege Tank  
  108  13:25  Supply Depot  
  108  13:26  Supply Depot x2  
  108  13:27  Supply Depot  
  108  13:28  Supply Depot  
  108  13:43  Sensor Tower  
  108  13:47  Siege Tank x2  
  114  13:54  Siege Tank  
  117  13:57  Hellion  
  117  13:58  Hellion x3  
  104  14:18  Barracks, Command Center  
  104  14:19  Supply Depot  
  104  14:24  Siege Tank  
  104  14:25  Siege Tank  
  108  14:42  Siege Tank  
  108  14:45  Hellion x3  
  119  14:46  Hellion  
  119  14:47  SCV x3  
  122  14:57  Siege Tank  
  122  14:58  Siege Tank  
  122  15:17  SCV x3  
  122  15:20  Factory x2, Supply Depot  
  125  15:21  Factory  
  125  15:29  SCV x3  
  125  15:34  Refinery x2  
Show
View Real Time Build Order
Export as new Build Order

Jeffro Protoss - Winner!

Build Orders: Carriers 

Get SALT Encoding   

  12  0:00  Probe  
  13  0:12  Probe  
  14  0:19  Pylon  
  14  0:25  Probe  
  15  0:33  Probe  
  15  0:41  Probe  
  15  0:42  Forge  
  17  0:51  Probe  
  18  1:00  Probe  
  19  1:08  Probe  
  20  1:20  Probe, Pylon  
  21  1:39  Photon Cannon  
  21  1:44  Photon Cannon  
  21  1:53  Nexus  
  21  2:09  Probe  
  22  2:16  Gateway  
  22  2:20  Probe  
  22  2:22  Pylon  
  23  2:28  Probe  
  23  2:33  Photon Cannon  
  23  2:36  Probe  
  24  2:45  Assimilator  
  24  2:48  Assimilator  
  24  2:54  Assimilator  
  24  3:05  Probe x2  
  26  3:13  Probe x2, Cybernetics Core  
  28  3:21  Probe x2  
  28  3:25  Zealot  
  32  3:34  Pylon  
  32  3:38  Photon Cannon  
  32  3:39  Probe x2  
  34  3:51  Probe x2  
  34  3:52  Sentry  
  38  4:02  Probe x2  
  40  4:10  Probe x2  
  40  4:11  Stargate  
  42  4:18  Probe, Stargate  
  43  4:29  Pylon  
  43  4:33  Probe x2  
  45  4:43  Pylon  
  45  4:44  Pylon  
  45  4:45  Probe x2  
  47  4:53  Photon Cannon  
  47  4:55  Photon Cannon  
  47  4:58  Probe x2  
  49  5:00  Phoenix  
  49  5:02  Phoenix  
  49  5:06  Assimilator  
  53  5:17  Phoenix  
  53  5:18  Phoenix  
  53  5:21  Probe x2  
  59  5:28  Stargate  
  59  5:40  Probe x2, Phoenix  
  59  5:42  Phoenix  
  65  5:56  Nexus  
  65  6:06  Probe x2  
  65  6:07  Void Ray x2  
  77  6:28  Pylon  
  75  6:46  Void Ray x2  
  78  6:48  Void Ray  
  86  7:53  Pylon  
  86  7:56  Pylon  
  86  7:58  Pylon  
  86  8:02  Pylon  
  86  8:04  Pylon  
  98  8:24  Probe x2  
  100  8:28  Nexus  
  100  8:31  Nexus, Pylon  
  100  8:33  Pylon  
  100  8:34  Pylon  
  100  8:36  Void Ray x2, Probe  
  101  8:47  Void Ray  
  101  8:49  Protoss Air Weapons Level 1  
  101  9:05  Photon Cannon  
  101  9:07  Photon Cannon  
  101  9:09  Void Ray x2, Shield Battery  
  101  9:11  Shield Battery  
  109  9:29  Void Ray  
  113  9:33  Assimilator  
  113  9:36  Assimilator  
  113  9:52  Assimilator  
  113  9:57  Void Ray x2, Assimilator, Pylon  
  113  9:59  Pylon  
  121  10:14  Fleet Beacon  
  121  10:17  Stargate  
  121  10:19  Stargate  
  101  10:57  Probe x4  
  119  11:09  Probe  
  116  11:12  Carrier x3  
  116  11:16  Carrier  
  128  11:18  Carrier  
  128  11:44  Graviton Catapult, Protoss Air Weapons Level 2  
  128  11:53  Pylon  
  128  11:55  Pylon  
  120  12:27  Carrier x2  
  120  12:35  Carrier, Shield Battery  
  120  12:37  Shield Battery  
  120  12:40  Photon Cannon  
  120  12:43  Photon Cannon  
  120  12:46  Pylon  
  126  13:14  Carrier  
  126  13:22  Shield Battery  
  126  13:23  Shield Battery  
  126  13:25  Shield Battery  
  126  13:26  Shield Battery  
  132  13:33  Carrier  
  138  13:48  Carrier  
  138  13:49  Probe  
  138  13:51  Probe x2  
  138  13:53  Probe  
  148  14:00  Carrier  
  144  14:03  Probe  
  145  14:35  Carrier  
Show
View Real Time Build Order
Export as new Build Order

Antis Zerg 

Build Orders: Hatch First 

Get SALT Encoding   

  12  0:01  Drone  
  13  0:12  Overlord  
  13  0:18  Drone  
  14  0:31  Drone x2  
  14  0:35  Drone  
  17  0:54  Hatchery  
  17  0:56  Drone  
  17  0:59  Drone  
  18  1:10  Extractor  
  17  1:14  Spawning Pool  
  17  1:18  Drone  
  17  1:21  Drone  
  18  1:29  Drone  
  19  1:44  Drone  
  20  1:51  Hatchery  
  19  2:01  Queen  
  19  2:03  Zergling x2  
  22  2:12  Queen  
  24  2:19  Metabolic Boost  
  24  2:24  Zergling x2  
  24  2:25  Drone  
  26  2:37  Overlord  
  26  2:39  Drone x2  
  27  3:02  Drone x5  
  32  3:10  Queen  
  32  3:12  Queen  
  36  3:15  Overlord  
  36  3:17  Drone  
  36  3:19  Drone  
  38  3:25  Drone  
  38  3:26  Drone  
  40  3:31  Drone  
  41  3:35  Drone x4  
  41  3:39  Drone  
  41  3:40  Drone  
  47  3:43  Drone  
  47  3:46  Drone  
  49  3:53  Overlord  
  49  4:04  Overlord  
  49  4:10  Queen  
  49  4:14  Drone x5  
  49  4:15  Drone, Roach Warren  
  49  4:16  Overlord  
  56  4:17  Extractor  
  56  4:18  Extractor  
  56  4:19  Lair  
  56  4:21  Zergling x4  
  56  4:25  Drone, Zergling x2  
  56  4:26  Drone  
  56  4:27  Overlord  
  60  4:31  Drone x2  
  60  4:36  Drone  
  62  4:41  Overlord  
  62  4:42  Drone  
  62  4:43  Drone x2  
  65  4:46  Overlord  
  65  4:55  Drone x3, Overlord  
  65  4:58  Drone x2  
  65  4:59  Roach  
  70  5:00  Overlord  
  70  5:05  Zergling x2  
  70  5:06  Roach  
  71  5:07  Queen  
  71  5:12  Roach  
  72  5:16  Glial Reconstitution  
  72  5:17  Extractor  
  72  5:18  Overlord, Extractor  
  70  5:21  Roach  
  70  5:22  Roach  
  70  5:23  Roach, Zergling x2  
  70  5:27  Evolution Chamber  
  73  5:32  Roach x2  
  69  5:42  Roach x3  
  71  5:43  Roach x4  
  71  5:46  Roach  
  77  5:54  Roach  
  77  5:55  Roach x2  
  83  5:58  Roach  
  83  6:03  Roach x2  
  89  6:11  Roach x2  
  92  6:13  Roach  
  92  6:16  Roach  
  92  6:18  Roach  
  98  6:23  Roach  
  98  6:24  Roach  
  102  6:26  Zergling x2  
  102  6:30  Zergling x2  
  102  6:32  Zergling x2  
  105  6:34  Zergling x2  
  106  6:40  Zergling x6  
  106  6:43  Overlord  
  106  6:46  Zergling x2  
  98  6:56  Zergling x2  
  98  6:57  Zergling x6  
  96  7:03  Drone x4  
  96  7:08  Drone x2  
  89  7:17  Drone x5  
  89  7:19  Drone  
  89  7:29  Drone x5  
  85  7:37  Drone x4  
  76  7:45  Queen x2  
  73  7:57  Queen  
  72  8:01  Drone  
  72  8:02  Drone x2, Hydralisk Den, Roach  
  72  8:03  Roach, Evolution Chamber  
  76  8:07  Overlord  
  76  8:11  Roach x3  
  82  8:16  Spore Crawler  
  82  8:19  Spore Crawler  
  80  8:20  Spore Crawler, Drone  
  80  8:22  Spore Crawler  
  80  8:24  Roach  
  81  8:27  Spore Crawler  
  81  8:28  Roach  
  81  8:30  Zerg Missile Weapons Level 1  
  81  8:32  Drone x2  
  81  8:33  Drone  
  85  8:41  Hydralisk x3  
  85  8:47  Hydralisk x2  
  95  8:49  Hydralisk  
  95  8:53  Hydralisk  
  99  8:55  Hydralisk  
  99  8:56  Zergling x2  
  99  8:58  Hydralisk  
  99  9:01  Overlord  
  104  9:03  Hydralisk  
  104  9:06  Hydralisk  
  104  9:09  Hydralisk  
  110  9:19  Hydralisk x4  
  110  9:23  Hydralisk  
  115  9:24  Hydralisk  
  115  9:26  Hydralisk  
  115  9:30  Hydralisk  
  121  9:32  Muscular Augments  
  121  9:34  Hydralisk  
  123  9:41  Hydralisk x2  
  123  9:42  Hydralisk  
  129  9:47  Hydralisk x2  
  129  9:51  Overlord  
  133  9:54  Zergling x2  
  130  10:00  Hydralisk x3  
  130  10:02  Hydralisk  
  138  10:13  Overlord  
  138  10:14  Overseer, Hydralisk x3  
  136  10:19  Hydralisk x2  
  146  10:22  Hydralisk  
  142  10:28  Hydralisk  
  142  10:29  Hydralisk  
  145  10:37  Zergling x2  
  145  10:38  Zergling x8  
  145  10:42  Evolution Chamber  
  146  10:43  Grooved Spines  
  142  10:50  Roach  
  142  10:51  Hydralisk, Roach  
  142  10:52  Hydralisk x2  
  152  11:00  Hydralisk  
  154  11:09  Hydralisk  
  154  11:21  Overseer  
  154  11:24  Overlord x5  
  154  11:28  Queen  
  154  11:30  Zergling x2  
  154  11:31  Zergling x4  
  154  11:42  Overlord, Hatchery  
  154  11:43  Hydralisk, Queen  
  153  11:47  Hydralisk  
  153  11:48  Hydralisk  
  153  11:49  Zergling x4  
  155  11:59  Hydralisk x3  
  108  12:13  Hydralisk  
  108  12:14  Hydralisk x2  
  92  12:19  Hydralisk x2  
  92  12:25  Hydralisk  
  93  12:30  Hydralisk x3  
  99  12:43  Zerg Missile Weapons Level 2  
  99  12:44  Infestation Pit  
  99  12:47  Extractor  
  99  12:48  Drone x3  
  100  12:58  Drone x4  
  102  13:03  Hatchery  
  102  13:04  Drone x5  
  108  13:15  Drone x2  
  110  13:23  Hydralisk  
  110  13:24  Hydralisk x3  
  110  13:26  Hive  
  115  13:39  Neural Parasite  
  115  13:40  Burrow, Infestor  
  115  13:41  Infestor x3  
  119  13:43  Infestor  
  119  13:45  Extractor, Zergling x2  
  119  13:46  Extractor  
  119  13:48  Hydralisk  
  124  13:53  Hydralisk x3  
  132  13:57  Hydralisk  
  132  13:59  Hydralisk  
  132  14:00  Zergling x4  
  128  14:07  Queen x2  
  118  14:13  Hydralisk x2  
  118  14:14  Hydralisk  
  118  14:15  Hydralisk  
  126  14:17  Hydralisk  
  126  14:21  Hydralisk  
  126  14:24  Hydralisk x2  
  130  14:27  Hydralisk  
  136  14:33  Hydralisk x2  
  140  14:38  Hydralisk x2  
  140  14:44  Hydralisk  
  140  14:45  Hydralisk  
  144  14:48  Hydralisk  
  135  14:54  Zergling x14  
  135  14:56  Queen  
  144  15:00  Hydralisk x2  
  144  15:06  Hydralisk x2, Extractor  
  151  15:07  Extractor  
  151  15:11  Hydralisk x2  
  150  15:18  Hydralisk  
  150  15:19  Hydralisk  
Show
View Real Time Build Order
Export as new Build Order

OFE Zerg 

Build Orders: Hatch First 

Get SALT Encoding   

  12  0:01  Drone  
  13  0:13  Overlord  
  13  0:17  Drone  
  14  0:31  Drone x2  
  14  0:35  Drone  
  17  0:53  Hatchery  
  17  0:57  Drone  
  17  0:59  Drone  
  18  1:10  Extractor  
  17  1:14  Spawning Pool  
  16  1:19  Drone  
  16  1:21  Drone  
  18  1:28  Drone  
  19  1:42  Overlord  
  19  2:01  Queen  
  19  2:05  Queen  
  19  2:07  Zergling x6  
  26  2:11  Metabolic Boost  
  26  2:13  Zergling x2  
  27  2:17  Zergling x2  
  28  2:23  Evolution Chamber  
  28  2:27  Zergling x4  
  29  2:33  Zergling x2  
  29  2:40  Zergling x2  
  26  2:49  Zerg Melee Weapons Level 1  
  25  2:54  Zergling x2  
  25  2:55  Zergling x4  
  27  3:04  Zergling x2  
  22  3:18  Drone x3  
  25  3:24  Zergling x4  
  27  3:30  Zergling x2  
  28  3:54  Drone, Hatchery  
  28  3:59  Drone x3  
  26  4:13  Zergling x2  
  25  4:26  Zergling x4  
  25  4:27  Zergling x4  
  29  4:43  Overlord  
  28  4:51  Zergling x2  
  29  4:58  Overlord x2  
  28  5:05  Zergling x2  
  26  5:11  Zergling x4  
  28  5:16  Queen  
  30  5:23  Zergling x4  
  32  5:31  Zergling x2  
  32  5:32  Zergling x6  
  35  5:40  Drone x2  
  37  5:46  Drone  
  37  5:49  Zerg Ground Armor Level 1  
  38  5:52  Drone  
  39  5:57  Drone x3  
  42  6:11  Zergling x4  
  42  6:12  Zergling x2  
  42  6:15  Spore Crawler  
  42  6:17  Spore Crawler x2  
  42  6:18  Spore Crawler  
  40  6:19  Drone  
  40  6:20  Spore Crawler  
  40  6:23  Drone  
  41  6:26  Drone x3  
  44  6:35  Drone  
  44  6:36  Drone x3  
  48  6:40  Drone  
  49  6:47  Drone x2  
  51  6:57  Zergling x4  
  51  6:58  Zergling x4  
  53  7:09  Zergling x8  
  56  7:20  Zergling x4  
  56  7:25  Zergling x2  
  57  7:32  Hatchery  
  57  7:33  Zergling x4  
  57  7:34  Zergling x10  
  56  7:50  Drone x2  
  55  8:07  Extractor  
  55  8:08  Lair  
  55  8:11  Drone x3  
  57  8:12  Baneling Nest  
  57  8:14  Drone x3  
  57  8:15  Drone  
  57  8:16  Overlord  
  60  8:20  Overlord  
  59  8:45  Queen  
  59  8:47  Queen  
  41  9:14  Zerg Ground Armor Level 2  
  37  9:19  Hydralisk Den  
  37  9:20  Drone x2  
  37  9:21  Drone x2  
  40  9:33  Spawning Pool  
  39  9:51  Grooved Spines, Centrifical Hooks  
  39  9:52  Hydralisk x4  
  39  9:53  Hydralisk x5  
  57  10:01  Drone  
  57  10:02  Drone x5  
  57  10:03  Drone  
  57  10:04  Drone x3  
  67  10:09  Hydralisk x2  
  65  10:22  Hydralisk  
  65  10:23  Zergling x6  
  65  10:24  Zergling x4  
  72  10:29  Queen  
  72  10:31  Overlord x3  
  72  10:33  Hydralisk  
  76  10:43  Drone x3  
  76  10:44  Drone  
  78  10:50  Hydralisk, Zergling x4  
  78  10:51  Zergling x2  
  78  10:54  Queen  
  85  11:03  Overlord x2  
  85  11:07  Queen  
  87  11:14  Hydralisk x3, Zergling x2  
  87  11:15  Zergling x4  
  96  11:20  Extractor x2  
  96  11:22  Spine Crawler  
  96  11:24  Drone x3  
  96  11:25  Spine Crawler  
  90  11:36  Drone x2  
  90  11:37  Drone  
  92  11:47  Baneling  
  92  11:48  Baneling x4  
  92  11:49  Zergling x8  
  92  11:50  Zergling x4  
  98  11:55  Hydralisk  
  98  11:56  Zergling x2  
  93  12:05  Hydralisk  
  93  12:06  Zergling x2  
  76  12:09  Hydralisk, Zergling x2  
  76  12:13  Zerg Missile Weapons Level 1  
  75  12:25  Hydralisk x2  
  75  12:26  Zergling x14  
  86  12:38  Extractor x2  
  86  12:39  Drone x3  
  87  12:47  Drone x2  
  87  12:48  Drone  
  90  12:55  Hatchery  
  89  13:05  Muscular Augments  
  89  13:08  Evolution Chamber  
  89  13:12  Hydralisk x3  
  89  13:13  Hydralisk  
  89  13:19  Drone x2  
  96  13:21  Hydralisk, Infestation Pit  
  96  13:22  Hydralisk x3, Zergling x6  
  106  13:29  Drone  
  107  13:34  Hydralisk  
  107  13:35  Hydralisk x3  
  114  13:50  Hydralisk x3, Zergling x2  
  114  13:51  Zergling x2  
  108  14:07  Hydralisk x5  
  108  14:08  Hydralisk, Zergling x8  
  97  14:11  Hydralisk  
  97  14:12  Zergling x2  
  93  14:20  Hydralisk, Zergling x2  
  96  14:29  Hydralisk x3  
  96  14:30  Zergling x4  
  99  14:34  Hydralisk  
  89  14:47  Hydralisk  
  89  14:48  Hydralisk x2, Zergling x6  
  87  14:55  Hydralisk x2  
  87  14:56  Zergling x2  
  89  15:16  Hydralisk x2  
  89  15:17  Hydralisk x2, Zergling x6  
  75  15:25  Zergling x4  
Tags
 
Add a new tag
Caveats
  • Supply blocks, unpowered buildings, or Contaminate may cause inaccurate times.
  • Supply counts are checked every 10 seconds.